[Event "Nis GM 2019"]
[Site "Nis"]
[Date "2019.12.01"]
[Round "2.4"]
[White "Svetushkin, Dmitry"]
[Black "Djukic, Nikola"]
[Result "1/2-1/2"]
[ECO "B51"]
[WhiteElo "2547"]
[BlackElo "2507"]
[Annotator "ChessBase"]
[PlyCount "45"]
[EventDate "2019.11.30"]
[EventType "tourn"]
[EventCountry "SRB"]
[SourceTitle "playchess.com"]
[Source "ChessBase"]
[SourceQuality "1"]
[TimeControl "40/5400+30:1800+30"]

1. e4 c5 2. Nf3 d6 3. Bb5+ Nd7 4. c3 Ngf6 5. Bd3 e6 6. Bc2 b5 7. d4 Bb7 8. Nbd2 Be7 9. O-O Qc7 10. Re1 O-O 11. Bd3 a6 12. Nf1 cxd4 13. cxd4 e5 14. d5 Nh5 15. Be3 Rfc8 16. Qd2 Bd8 17. Rec1 Qa5 18. Rxc8 Rxc8 19. Qxa5 Bxa5 20. a4 b4 21. N1d2 f5 22. Nc4 Bc7 23. Ng5 1/2-1/2

[Event "Nis GM 2019"]
[Site "Nis"]
[Date "2019.12.01"]
[Round "2.5"]
[White "Maksimovic, Branimir"]
[Black "Radovanovic, Mihajlo"]
[Result "0-1"]
[ECO "B52"]
[WhiteElo "2320"]
[BlackElo "2479"]
[Annotator "ChessBase"]
[PlyCount "54"]
[EventDate "2019.11.30"]
[EventType "tourn"]
[EventCountry "SRB"]
[SourceTitle "playchess.com"]
[Source "ChessBase"]
[SourceQuality "1"]
[TimeControl "40/5400+30:1800+30"]

1. e4 c5 2. Nf3 d6 3. Bb5+ Bd7 4. Bxd7+ Qxd7 5. O-O Nf6 6. e5 dxe5 7. Nxe5 Qd6 8. Re1 Nc6 9. Nc4 Qc7 10. Nc3 e6 11. a4 Be7 12. Ra3 O-O 13. Ne4 Nd5 14. Rg3 f5 15. Nc3 Bh4 16. Rxe6 Bxg3 17. hxg3 Qf7 18. Rxc6 bxc6 19. Ne5 Nxc3 20. dxc3 Qd5 21. Qe2 Rad8 22. Kh2 Rfe8 23. f4 Re6 24. g4 fxg4 25. Qxg4 Rh6+ 26. Kg3 Qe4 27. Qf3 Qe1+ 0-1

[Event "Nis GM 2019"]
[Site "Nis"]
[Date "2019.12.02"]
[Round "3.2"]
[White "Miljkovic, Miroslav D"]
[Black "Dimitrov, Radoslav"]
[Result "1/2-1/2"]
[ECO "A53"]
[WhiteElo "2496"]
[BlackElo "2515"]
[Annotator "RC"]
[PlyCount "155"]
[EventDate "2019.11.30"]
[EventType "tourn"]
[EventCountry "SRB"]
[TimeControl "40/5400+30:1800+30"]

1. d4 Nf6 2. c4 d6 3. Nf3 g6 4. Nc3 Bf5 5. Ng5 h6 6. e4 Bg4 7. Nf3 Nc6 8. Be3 e5 9. d5 Ne7 10. c5 Bg7 11. Qa4+ Bd7 12. Qa3 dxc5 13. Bxc5 b6 14. Bb4 a5 15. Nb5 Bxb5 16. Bxb5+ Kf8 17. Bxe7+ Qxe7 18. Qxe7+ Kxe7 19. Rc1 c5 20. dxc6 Nxe4 21. Nd2 Nd6 22. a4 e4 23. Nc4 Nxc4 24. Rxc4 f5 25. Ke2 Bxb2 26. Rd1 Ba3 27. Rcd4 Rhc8 28. Rd7+ Kf6 29. Rb7 Ke5 30. Rg7 Rg8 31. Rgd7 Rgc8 32. R1d5+ Kf6 33. Rb7 Bc5 34. Rdd7 Ke5 35. Rg7 g5 36. Rg6 Rd8 37. c7 Rh8 38. Bd7 Bd6 39. g3 f4 40. gxf4+ gxf4 41. f3 exf3+ 42. Kxf3 Kd5 43. h4 h5 44. Rg5+ Kd4 45. Be6 Bc5 46. Bf7 Rac8 47. Rd5+ Kc3 48. Rxh5 Rxh5 49. Bxh5 Bd6 50. Rxb6 Be5 51. Rb5 Bf6 52. Rc5+ Kd4 53. Rc1 Be5 54. Rd1+ Kc5 55. Bf7 Bxc7 56. h5 Rf8 57. Rd5+ Kb4 58. Rd4+ Ka3 59. Bg6 Be5 60. Re4 Bc3 61. Be8 Bb4 62. Re6 Bc3 63. Bb5 Rf5 64. Kg4 Rf8 65. Kf3 Rf5 66. Be8 Rf8 67. h6 Rh8 68. Bc6 Bb4 69. Bb5 Kb3 70. Rc6 Ka3 71. Re6 Kb3 72. Rf6 Ka3 73. Kg4 Bc3 74. Rd6 Kb4 75. Rc6 f3 76. Kxf3 Bd2 77. Rc4+ Kb3 78. Rc6 1/2-1/2

[Event "Nis GM 2019"]
[Site "Nis"]
[Date "2019.12.02"]
[Round "3.3"]
[White "Djukic, Nikola"]
[Black "Perunovic, Miodrag"]
[Result "0-1"]
[ECO "B35"]
[WhiteElo "2507"]
[BlackElo "2433"]
[Annotator "ChessBase"]
[PlyCount "66"]
[EventDate "2019.11.30"]
[EventType "tourn"]
[EventCountry "SRB"]
[SourceTitle "playchess.com"]
[Source "ChessBase"]
[SourceQuality "1"]
[TimeControl "40/5400+30:1800+30"]

1. e4 c5 2. Nf3 g6 3. d4 cxd4 4. Nxd4 Nc6 5. Nc3 Bg7 6. Be3 Nf6 7. Bc4 O-O 8. Bb3 Re8 9. O-O d6 10. h3 Na5 11. Qd2 a6 12. Bh6 Bh8 13. Rae1 b5 14. f4 e5 15. Nde2 Nxb3 16. axb3 b4 17. Na4 Nxe4 18. Qxb4 Bf5 19. fxe5 Rb8 20. Qd4 dxe5 21. Qxd8 Rexd8 22. g4 Be6 23. Nec3 Nxc3 24. bxc3 f5 25. Nc5 Bc8 26. gxf5 gxf5 27. Re2 Rb6 28. Rg2+ Kf7 29. Bc1 f4 30. Ne4 Bf5 31. Re2 Rg8+ 32. Kh2 Bxh3 33. Rg1 Bg4 0-1

[Event "Nis GM 2019"]
[Site "Nis"]
[Date "2019.12.02"]
[Round "3.4"]
[White "Radovanovic, Mihajlo"]
[Black "Svetushkin, Dmitry"]
[Result "1/2-1/2"]
[ECO "D15"]
[WhiteElo "2479"]
[BlackElo "2547"]
[Annotator "ChessBase"]
[PlyCount "86"]
[EventDate "2019.11.30"]
[EventType "tourn"]
[EventCountry "SRB"]
[SourceTitle "playchess.com"]
[Source "ChessBase"]
[SourceQuality "1"]
[TimeControl "40/5400+30:1800+30"]

1. d4 d5 2. c4 c6 3. Nf3 Nf6 4. Nc3 a6 5. c5 g6 6. g3 Bg7 7. Bg2 Bf5 8. O-O Qc8 9. Na4 Nbd7 10. Nh4 Be6 11. Qd3 O-O 12. f3 Ne8 13. e4 Bf6 14. Bh6 Ng7 15. Qe3 Qc7 16. Bg5 Bxg5 17. Qxg5 dxe4 18. fxe4 Bc4 19. Rfc1 Bb5 20. Nc3 e5 21. d5 b6 22. cxb6 Qxb6+ 23. Kh1 cxd5 24. Nxd5 Qf2 25. a4 Bd3 26. Rc7 Ne6 27. Ne7+ Kg7 28. Nhf5+ Kh8 29. Nxg6+ fxg6 30. Qe7 Rad8 31. Rxd7 Rxd7 32. Qxd7 Qxb2 33. Rd1 Bc4 34. Nd6 Qb3 35. Nxc4 Rd8 36. Qxd8+ Nxd8 37. Rxd8+ Kg7 38. Nd2 Qxa4 39. Bf1 a5 40. Bc4 Qd1+ 41. Kg2 a4 42. Rd7+ Kh8 43. Rd8+ Kg7 1/2-1/2

[Event "Nis GM 2019"]
[Site "Nis"]
[Date "2019.12.02"]
[Round "3.5"]
[White "Nikolaidis, Ioannis"]
[Black "Maksimovic, Branimir"]
[Result "1-0"]
[ECO "D41"]
[WhiteElo "2531"]
[BlackElo "2320"]
[Annotator "ChessBase"]
[PlyCount "65"]
[EventDate "2019.11.30"]
[EventType "tourn"]
[EventCountry "SRB"]
[SourceTitle "playchess.com"]
[Source "ChessBase"]
[SourceQuality "1"]
[TimeControl "40/5400+30:1800+30"]

1. d4 Nf6 2. c4 e6 3. Nf3 d5 4. Nc3 c5 5. cxd5 Nxd5 6. e4 Nxc3 7. bxc3 cxd4 8. cxd4 Bb4+ 9. Bd2 Bxd2+ 10. Qxd2 O-O 11. Rc1 Nc6 12. Bb5 Bd7 13. O-O Ne5 14. Be2 Nxf3+ 15. Bxf3 Bb5 16. Rfd1 Ba4 17. Re1 Qd7 18. d5 exd5 19. exd5 Rfe8 20. Qf4 Rxe1+ 21. Rxe1 Re8 22. Rc1 Bb5 23. h4 Rc8 24. Re1 Re8 25. Rxe8+ Qxe8 26. Qc7 Qe1+ 27. Kh2 Be8 28. d6 Qe5+ 29. g3 Kf8 30. Bxb7 g6 31. Bg2 a5 32. Qd8 Qe6 33. Bc6 1-0

[Event "Nis GM 2019"]
[Site "Nis"]
[Date "2019.12.03"]
[Round "4.3"]
[White "Perunovic, Miodrag"]
[Black "Radovanovic, Mihajlo"]
[Result "0-1"]
[ECO "A45"]
[WhiteElo "2433"]
[BlackElo "2479"]
[Annotator "ChessBase"]
[PlyCount "118"]
[EventDate "2019.11.30"]
[EventType "tourn"]
[EventCountry "SRB"]
[SourceTitle "playchess.com"]
[Source "ChessBase"]
[SourceQuality "1"]
[TimeControl "40/5400+30:1800+30"]

1. d4 Nf6 2. Bf4 c5 3. d5 b5 4. f3 e6 5. e4 c4 6. a4 Bc5 7. dxe6 fxe6 8. Bd6 Qb6 9. Bxc5 Qxc5 10. Nc3 O-O 11. axb5 d5 12. Nge2 Nxe4 13. Nxe4 dxe4 14. Qd4 Qxb5 15. fxe4 Nc6 16. Qc3 Nb4 17. Ng3 Ba6 18. Be2 Rac8 19. Rf1 Rfd8 20. Nh5 e5 21. Rf3 Rd4 22. Ng3 Rcd8 23. Kf1 Rd2 24. Rxa6 Rxc2 25. Bxc4+ Qxc4+ 26. Qxc4+ Rxc4 27. Ra1 Rc2 28. Rb3 a5 29. Nf5 g6 30. Ne3 Rf8+ 31. Kg1 Re2 32. h3 Nc6 33. Rf1 Nd4 34. Rxf8+ Kxf8 35. Rb8+ Kf7 36. Rb7+ Ke6 37. Rb6+ Kd7 38. Nd5 Rxe4 39. Nf6+ Kc7 40. Ra6 Re1+ 41. Kh2 e4 42. Nd5+ Kc8 43. Rxa5 e3 44. Nc3 h5 45. Kg3 Rf1 46. Kh4 Rg1 47. Kg3 h4+ 48. Kh2 Rf1 49. Rc5+ Kb7 50. Re5 Nf5 51. Re4 g5 52. Rg4 Ng3 53. Rxg3 hxg3+ 54. Kxg3 Kc6 55. Kg4 Kc5 56. Kxg5 Rc1 57. Ne4+ Kd4 58. Ng3 Kd3 59. Kg4 Rc8 0-1

[Event "Nis GM 2019"]
[Site "Nis"]
[Date "2019.12.04"]
[Round "5.1"]
[White "Miljkovic, Miroslav D"]
[Black "Ivic, Velimir"]
[Result "1/2-1/2"]
[ECO "D85"]
[WhiteElo "2496"]
[BlackElo "2531"]
[Annotator "ChessBase"]
[PlyCount "202"]
[EventDate "2019.11.30"]
[EventType "tourn"]
[EventCountry "SRB"]
[SourceTitle "playchess.com"]
[Source "ChessBase"]
[SourceQuality "1"]
[TimeControl "40/5400+30:1800+30"]

1. d4 Nf6 2. c4 g6 3. Nc3 d5 4. Nf3 Bg7 5. cxd5 Nxd5 6. e4 Nxc3 7. bxc3 c5 8. Be3 Qa5 9. Qd2 O-O 10. Rc1 Nd7 11. Be2 Nf6 12. e5 Ne4 13. Qb2 cxd4 14. Bxd4 b6 15. Qb4 Qxb4 16. cxb4 Be6 17. Ba6 Rad8 18. Be3 Bxa2 19. O-O f5 20. Bf4 e6 21. h4 h6 22. Rc7 Rf7 23. Rxf7 Kxf7 24. Rc1 Kg8 25. Be3 Bb3 26. Be2 Rf8 27. Rc7 Rf7 28. Rc8+ Rf8 29. Rc7 Rf7 30. Rc8+ Kh7 31. Bb5 Re7 32. h5 gxh5 33. Bf4 a5 34. bxa5 bxa5 35. Ra8 Bd5 36. Rxa5 Rb7 37. Nd4 Bf8 38. Bd3 Nc5 39. Bc2 Kg8 40. Be3 Rg7 41. f3 Nb7 42. Ra8 Nc5 43. Rc8 Nd7 44. Bxh6 Rh7 45. Ba4 Rxh6 46. Bxd7 h4 47. Kh2 Rg6 48. Ne2 Rg7 49. Rd8 h3 50. gxh3 Kf7 51. Nf4 Ke7 52. Re8+ Kxd7 53. Rxf8 Bxf3 54. Rf6 Bd5 55. Ng6 Kc6 56. Kg3 Kc5 57. h4 Kd4 58. Kf4 Ra7 59. Nf8 Ra1 60. Nxe6+ Bxe6 61. Rxe6 Rf1+ 62. Kg5 f4 63. h5 Ke4 64. Kf6 Rh1 65. Kg6 f3 66. Rf6 Kxe5 67. Rxf3 Rg1+ 68. Kf7 Rh1 69. Ra3 Rf1+ 70. Kg7 Rg1+ 71. Kh7 Kf6 72. Ra7 Rb1 73. Rg7 Rh1 74. h6 Rh2 75. Rg1 Kf7 76. Rf1+ Ke7 77. Kg7 Rg2+ 78. Kh7 Ke8 79. Ra1 Kf7 80. Ra7+ Kf8 81. Rg7 Rh2 82. Rg5 Rh1 83. Rf5+ Ke7 84. Kg7 Rg1+ 85. Kh8 Rh1 86. h7 Rg1 87. Ra5 Kf7 88. Ra8 Rg2 89. Rg8 Rh2 90. Rg1 Kf8 91. Rf1+ Ke7 92. Kg7 Rg2+ 93. Kh6 Rh2+ 94. Kg6 Rg2+ 95. Kf5 Rh2 96. Ra1 Kf8 97. Ra7 Rf2+ 98. Kg4 Rh2 99. h8=Q+ Rxh8 100. Ra8+ Kg7 101. Rxh8 Kxh8 1/2-1/2

[Event "Nis GM 2019"]
[Site "Nis"]
[Date "2019.12.04"]
[Round "5.3"]
[White "Radovanovic, Mihajlo"]
[Black "Dimitrov, Radoslav"]
[Result "0-1"]
[ECO "B06"]
[WhiteElo "2479"]
[BlackElo "2515"]
[Annotator "ChessBase"]
[PlyCount "70"]
[EventDate "2019.11.30"]
[EventType "tourn"]
[EventCountry "SRB"]
[SourceTitle "playchess.com"]
[Source "ChessBase"]
[SourceQuality "1"]
[TimeControl "40/5400+30:1800+30"]

1. d4 g6 2. e4 Bg7 3. c4 c5 4. Nf3 Nc6 5. d5 Nd4 6. Nxd4 cxd4 7. Na3 d6 8. Nc2 Qb6 9. Bd3 Nf6 10. O-O O-O 11. b4 a5 12. Bb2 Nd7 13. a3 e5 14. dxe6 fxe6 15. Rb1 e5 16. Bc1 Qc7 17. Bd2 Nb6 18. c5 dxc5 19. bxa5 Nd7 20. Bc4+ Kh8 21. Ne1 b6 22. Nd3 bxa5 23. Bd5 Ba6 24. Qc2 c4 25. Bxa8 Rxa8 26. Rfc1 Rc8 27. Be1 Qd8 28. Nb2 c3 29. Nd3 Nc5 30. Nxc5 Rxc5 31. Rd1 Qc8 32. Rb6 Bh6 33. Rdb1 d3 34. Qb3 c2 35. Rb8 cxb1=Q 0-1

[Event "Nis GM 2019"]
[Site "Nis"]
[Date "2019.12.05"]
[Round "6.1"]
[White "Ivic, Velimir"]
[Black "Svetushkin, Dmitry"]
[Result "1-0"]
[ECO "B12"]
[WhiteElo "2531"]
[BlackElo "2547"]
[Annotator "ChessBase"]
[PlyCount "31"]
[EventDate "2019.11.30"]
[EventType "tourn"]
[EventCountry "SRB"]
[SourceTitle "playchess.com"]
[Source "ChessBase"]
[SourceQuality "1"]
[TimeControl "40/5400+30:1800+30"]

1. e4 c6 2. d4 d5 3. e5 Bf5 4. h4 h6 5. g4 Bd7 6. Be3 Qc8 7. Be2 h5 8. gxh5 Nh6 9. Nd2 Ng4 10. Bf4 Rxh5 11. c4 Rh8 12. cxd5 cxd5 13. Rc1 Nc6 14. b4 a6 15. a4 b5 16. axb5 1-0

[Event "Nis GM 2019"]
[Site "Nis"]
[Date "2019.12.05"]
[Round "6.2"]
[White "Perunovic, Miodrag"]
[Black "Maksimovic, Branimir"]
[Result "1-0"]
[ECO "A57"]
[WhiteElo "2433"]
[BlackElo "2320"]
[Annotator "NA"]
[PlyCount "65"]
[EventDate "2019.11.30"]
[EventType "tourn"]
[EventCountry "SRB"]
[SourceTitle "playchess.com"]
[Source "ChessBase"]
[SourceQuality "1"]
[TimeControl "40/5400+30:1800+30"]

1. d4 Nf6 2. c4 c5 3. d5 b5 4. Nd2 g6 5. e4 d6 6. b3 Bg7 7. Bb2 O-O 8. Ngf3 e6 9. Bd3 bxc4 10. bxc4 e5 11. O-O Nbd7 12. Nb3 Nh5 13. Re1 Ndf6 14. Bc3 a5 15. a4 Bg4 16. h3 Bxf3 17. Qxf3 Nf4 18. Bf1 g5 19. g3 Ng6 20. Bd2 Ne8 21. Qc3 f5 22. Nxa5 fxe4 23. Nc6 Qf6 24. Be3 Nf4 25. Qc2 Qh6 26. Qxe4 Nxh3+ 27. Bxh3 Qxh3 28. Bxg5 Nf6 29. Qh4 Qd7 30. a5 e4 31. Ra2 Rf7 32. a6 Ng4 33. Rxe4 1-0

[Event "Nis GM 2019"]
[Site "Nis"]
[Date "2019.12.05"]
[Round "6.3"]
[White "Dimitrov, Radoslav"]
[Black "Nikolaidis, Ioannis"]
[Result "1/2-1/2"]
[ECO "A13"]
[WhiteElo "2515"]
[BlackElo "2531"]
[Annotator "ChessBase"]
[PlyCount "97"]
[EventDate "2019.11.30"]
[EventType "tourn"]
[EventCountry "SRB"]
[SourceTitle "playchess.com"]
[Source "ChessBase"]
[SourceQuality "1"]
[TimeControl "40/5400+30:1800+30"]

1. c4 e6 2. Nc3 d5 3. cxd5 exd5 4. d4 c6 5. Bf4 Bd6 6. Bg3 Nf6 7. Qc2 g6 8. e3 Bf5 9. Bd3 Bxd3 10. Qxd3 O-O 11. Nge2 Re8 12. Bh4 Nbd7 13. f3 Be7 14. O-O Nf8 15. Rad1 Ne6 16. e4 Nh5 17. Bxe7 Qxe7 18. e5 f6 19. f4 fxe5 20. dxe5 Rf8 21. Qe3 Nhg7 22. g4 h5 23. Qd3 Qh4 24. h3 hxg4 25. Qxg6 Qxh3 26. f5 Qe3+ 27. Kg2 Qh3+ 28. Kg1 Qe3+ 29. Kg2 Qg5 30. Qxg5 Nxg5 31. f6 N7e6 32. Ng3 Kf7 33. Nf5 Rh8 34. Rh1 Nh3 35. Nd6+ Kg6 36. Kg3 Rh5 37. Rde1 Rah8 38. Nd1 b6 39. b4 a5 40. b5 c5 41. Ne3 Rxe5 42. f7 Nf8 43. Nxg4 Rxe1 44. Rxe1 Ng5 45. Ne5+ Kf6 46. Ne8+ Kf5 47. Ng7+ Kf6 48. Ne8+ Kf5 49. Ng7+ {[%emt 0:00:26] Kxe5} 1/2-1/2

[Event "Nis GM 2019"]
[Site "Nis"]
[Date "2019.12.05"]
[Round "6.4"]
[White "Zajic, Milan"]
[Black "Radovanovic, Mihajlo"]
[Result "0-1"]
[ECO "A48"]
[WhiteElo "2477"]
[BlackElo "2479"]
[Annotator "ChessBase"]
[PlyCount "72"]
[EventDate "2019.11.30"]
[EventType "tourn"]
[EventCountry "SRB"]
[SourceTitle "playchess.com"]
[Source "ChessBase"]
[SourceQuality "1"]
[TimeControl "40/5400+30:1800+30"]

1. d4 Nf6 2. Nf3 g6 3. Bf4 Bg7 4. c3 O-O 5. h3 d6 6. e3 Nfd7 7. Be2 e5 8. Bh2 Nc6 9. O-O f5 10. b4 a6 11. a4 e4 12. Nfd2 Nf6 13. Na3 Ne7 14. b5 g5 15. Qb3+ Kh8 16. c4 Ng6 17. bxa6 bxa6 18. f3 Bd7 19. fxe4 fxe4 20. c5 dxc5 21. dxc5 Bxa4 22. Qxa4 Qxd2 23. Qc2 Qxe3+ 24. Kh1 Nf4 25. Bxa6 N6h5 26. Nc4 Ng3+ 27. Bxg3 Qxg3 28. Qxe4 Rae8 29. Qf3 Qxf3 30. gxf3 Bxa1 31. Rxa1 Ra8 32. Ra5 Nd3 33. c6 Nb4 34. Bb7 Rxa5 35. Nxa5 Rxf3 36. Kg2 Rc3 0-1

[Event "Nis GM 2019"]
[Site "Nis"]
[Date "2019.12.06"]
[Round "7.1"]
[White "Djukic, Nikola"]
[Black "Ivic, Velimir"]
[Result "1/2-1/2"]
[ECO "B33"]
[WhiteElo "2507"]
[BlackElo "2531"]
[Annotator "ChessBase"]
[PlyCount "57"]
[EventDate "2019.11.30"]
[EventType "tourn"]
[EventCountry "SRB"]
[SourceTitle "playchess.com"]
[Source "ChessBase"]
[SourceQuality "1"]
[TimeControl "40/5400+30:1800+30"]

1. e4 c5 2. Nf3 Nc6 3. d4 cxd4 4. Nxd4 Nf6 5. Nc3 e5 6. Ndb5 d6 7. Bg5 a6 8. Na3 b5 9. Nd5 Be7 10. Bxf6 Bxf6 11. c3 Bg5 12. Nc2 Rb8 13. a3 O-O 14. Ncb4 Bb7 15. Be2 a5 16. Nxc6 Bxc6 17. Qd3 Kh8 18. Rd1 Qd7 19. O-O Qa7 20. Qg3 h6 21. Kh1 Qb7 22. Qd3 b4 23. axb4 axb4 24. cxb4 Bxd5 25. Qxd5 Qxd5 26. Rxd5 Rxb4 27. Bd3 Rxb2 28. Rxd6 Rd8 29. Rxd8+ 1/2-1/2

[Event "Nis GM 2019"]
[Site "Nis"]
[Date "2019.12.06"]
[Round "7.4"]
[White "Maksimovic, Branimir"]
[Black "Dimitrov, Radoslav"]
[Result "0-1"]
[ECO "B02"]
[WhiteElo "2320"]
[BlackElo "2515"]
[Annotator "ChessBase"]
[PlyCount "78"]
[EventDate "2019.11.30"]
[EventType "tourn"]
[EventCountry "SRB"]
[SourceTitle "playchess.com"]
[Source "ChessBase"]
[SourceQuality "1"]
[TimeControl "40/5400+30:1800+30"]

1. e4 Nf6 2. d3 d5 3. Nd2 c5 4. Ngf3 Nc6 5. g3 Bg4 6. Bg2 e6 7. O-O Be7 8. Re1 O-O 9. h3 Bh5 10. b3 dxe4 11. dxe4 Bxf3 12. Qxf3 Nd7 13. Bb2 Nde5 14. Bxe5 Nxe5 15. Qe2 Qc7 16. f4 Nc6 17. c3 Qa5 18. e5 Qxc3 19. Bxc6 bxc6 20. Ne4 Qb4 21. Rac1 Rad8 22. Rc4 Qb6 23. g4 Rd5 24. Rf1 Rfd8 25. Qf2 Qc7 26. Re1 Rd3 27. Kg2 R8d5 28. Re2 Qd8 29. g5 R5d4 30. Re3 Rd1 31. Re1 Rxe1 32. Qxe1 Qd5 33. Qe2 f5 34. gxf6 gxf6 35. exf6 Bxf6 36. Kh2 Kf7 37. Ng5+ Bxg5 38. Qh5+ Kg7 39. Rxd4 Bxf4+ 0-1

[Event "Nis GM 2019"]
[Site "Nis"]
[Date "2019.12.06"]
[Round "7.5"]
[White "Svetushkin, Dmitry"]
[Black "Perunovic, Miodrag"]
[Result "1/2-1/2"]
[ECO "C18"]
[WhiteElo "2547"]
[BlackElo "2433"]
[Annotator "ChessBase"]
[PlyCount "25"]
[EventDate "2019.11.30"]
[EventType "tourn"]
[EventCountry "SRB"]
[SourceTitle "playchess.com"]
[Source "ChessBase"]
[SourceQuality "1"]
[TimeControl "40/5400+30:1800+30"]

1. e4 e6 2. d4 d5 3. Nc3 Bb4 4. e5 c5 5. a3 Bxc3+ 6. bxc3 Qa5 7. Bd2 Qa4 8. Nf3 b6 9. Bd3 Ba6 10. O-O Ne7 11. Re1 Bxd3 12. cxd3 Qxd1 13. Rexd1 1/2-1/2

[Event "Nis GM 2019"]
[Site "Nis"]
[Date "2019.12.07"]
[Round "8.1"]
[White "Ivic, Velimir"]
[Black "Perunovic, Miodrag"]
[Result "1-0"]
[ECO "B38"]
[WhiteElo "2531"]
[BlackElo "2433"]
[Annotator "ChessBase"]
[PlyCount "65"]
[EventDate "2019.11.30"]
[EventType "tourn"]
[EventCountry "SRB"]
[SourceTitle "playchess.com"]
[Source "ChessBase"]
[SourceQuality "1"]
[TimeControl "40/5400+30:1800+30"]

1. e4 c5 2. Nf3 g6 3. d4 cxd4 4. Nxd4 Nc6 5. c4 Bg7 6. Be3 Nf6 7. Nc3 d6 8. Be2 Nxd4 9. Bxd4 O-O 10. O-O Bd7 11. Qd3 a5 12. Rad1 Bc6 13. f4 Nd7 14. Bxg7 Kxg7 15. Kh1 Qb6 16. Qc2 a4 17. Rd3 Qc5 18. Qd2 Nf6 19. Re3 e6 20. f5 exf5 21. Rh3 h5 22. exf5 Rae8 23. Rh4 Qe3 24. Rd4 Qh3 25. Bf3 Qxf5 26. Rf4 Qg5 27. Bxc6 bxc6 28. h4 Qg3 29. Qd4 Re5 30. Rxf6 a3 31. b3 Kg8 32. Qf4 Qd3 33. Rf3 1-0

[Event "Nis GM 2019"]
[Site "Nis"]
[Date "2019.12.08"]
[Round "9.1"]
[White "Maksimovic, Branimir"]
[Black "Miljkovic, Miroslav D"]
[Result "1/2-1/2"]
[ECO "B33"]
[WhiteElo "2320"]
[BlackElo "2496"]
[Annotator "ChessBase"]
[PlyCount "113"]
[EventDate "2019.11.30"]
[EventType "tourn"]
[EventCountry "SRB"]
[SourceTitle "playchess.com"]
[Source "ChessBase"]
[SourceQuality "1"]
[TimeControl "40/5400+30:1800+30"]

1. e4 c5 2. Nf3 Nc6 3. d4 cxd4 4. Nxd4 Nf6 5. Nc3 e5 6. Ndb5 d6 7. Bg5 a6 8. Na3 b5 9. Nd5 Be7 10. Bxf6 Bxf6 11. c3 Bg5 12. Nc2 Ne7 13. Nxe7 Qxe7 14. a4 bxa4 15. Nb4 O-O 16. Rxa4 a5 17. Bc4 Qc7 18. Nd5 Qc5 19. h4 Bd8 20. Qd3 Bb7 21. b3 Rc8 22. Rh3 Kh8 23. g4 Bc6 24. b4 Qa7 25. Bb5 Bxd5 26. Qxd5 Bb6 27. Ra2 Qc7 28. Kf1 axb4 29. cxb4 Qc1+ 30. Kg2 Qb1 31. Bc6 Qxb4 32. Rb3 Qc5 33. Bb7 Rcd8 34. Rb5 Qc7 35. Qc6 Qxc6 36. Bxc6 Bc5 37. Rba5 g5 38. h5 Kg7 39. Ra8 Rb8 40. Bd5 h6 41. Kg3 Rb1 42. Rxf8 Kxf8 43. Ra8+ Kg7 44. Ra2 Kf8 45. Ra8+ Ke7 46. Rh8 Rg1+ 47. Kh3 Bxf2 48. Rh7 Rg3+ 49. Kh2 Rf3 50. Rxh6 Be3 51. Kg2 Rf2+ 52. Kg3 Rf1 53. Rh7 Kf8 54. h6 Kg8 55. Rg7+ Kf8 56. Rh7 Kg8 57. Rxf7 1/2-1/2

[Event "Nis GM 2019"]
[Site "Nis"]
[Date "2019.12.08"]
[Round "9.2"]
[White "Nikolaidis, Ioannis"]
[Black "Djukic, Nikola"]
[Result "1/2-1/2"]
[ECO "D71"]
[WhiteElo "2531"]
[BlackElo "2507"]
[Annotator "ChessBase"]
[PlyCount "58"]
[EventDate "2019.11.30"]
[EventType "tourn"]
[EventCountry "SRB"]
[SourceTitle "playchess.com"]
[Source "ChessBase"]
[SourceQuality "1"]
[TimeControl "40/5400+30:1800+30"]

1. d4 Nf6 2. c4 g6 3. g3 c5 4. Nf3 cxd4 5. Nxd4 d5 6. Bg2 dxc4 7. O-O Bg7 8. Qa4+ Nbd7 9. Rd1 O-O 10. Qxc4 Qa5 11. Qb5 Qxb5 12. Nxb5 a6 13. Nd4 Nb6 14. Nb3 Nc4 15. Rd4 Nd6 16. Nc3 Ra7 17. Rd1 Nc4 18. Nd2 Nxd2 19. Bxd2 b5 20. Be3 Rd7 21. Bc5 Rc7 22. Bb6 Rc4 23. Rac1 Be6 24. b3 Rcc8 25. Ba5 Rc5 26. Bb4 Rc7 27. Ba5 Rc5 28. Bb4 Rc7 29. Ba5 Rc5 1/2-1/2

[Event "Nis GM 2019"]
[Site "Nis"]
[Date "2019.12.08"]
[Round "9.3"]
[White "Radovanovic, Mihajlo"]
[Black "Ivic, Velimir"]
[Result "1/2-1/2"]
[ECO "A05"]
[WhiteElo "2479"]
[BlackElo "2531"]
[Annotator "ChessBase"]
[PlyCount "70"]
[EventDate "2019.11.30"]
[EventType "tourn"]
[EventCountry "SRB"]
[SourceTitle "playchess.com"]
[Source "ChessBase"]
[SourceQuality "1"]
[TimeControl "40/5400+30:1800+30"]

1. Nf3 Nf6 2. c4 g6 3. Nc3 d5 4. cxd5 Nxd5 5. Qb3 Nb6 6. d4 Bg7 7. e4 Bg4 8. Bb5+ c6 9. Ng5 O-O 10. Be2 Bxe2 11. Nxe2 c5 12. d5 Qd7 13. O-O Na6 14. a4 c4 15. Qa3 h6 16. Nf3 Qd6 17. Qe3 e6 18. dxe6 Qxe6 19. Bd2 Rfe8 20. Ng3 Rad8 21. Bc3 Rd3 22. Qf4 Nc5 23. Bxg7 Kxg7 24. a5 Nbd7 25. Rae1 Qf6 26. Qxf6+ Nxf6 27. e5 Nfd7 28. Ne4 Nxe4 29. Rxe4 Rd5 30. Rxc4 Nxe5 31. Nxe5 Rexe5 32. b4 Re2 33. g3 g5 34. Rc7 Rb2 35. Rxb7 Rxa5 1/2-1/2

[Event "Nis GM 2019"]
[Site "Nis"]
[Date "2019.12.08"]
[Round "9.5"]
[White "Perunovic, Miodrag"]
[Black "Dimitrov, Radoslav"]
[Result "1/2-1/2"]
[ECO "B03"]
[WhiteElo "2433"]
[BlackElo "2515"]
[Annotator "ChessBase"]
[PlyCount "132"]
[EventDate "2019.11.30"]
[EventType "tourn"]
[EventCountry "SRB"]
[SourceTitle "playchess.com"]
[Source "ChessBase"]
[SourceQuality "1"]
[TimeControl "40/5400+30:1800+30"]

1. e4 Nf6 2. e5 Nd5 3. d4 d6 4. Bc4 Nb6 5. Bb3 dxe5 6. Qh5 e6 7. dxe5 a5 8. a4 Na6 9. Nc3 Nc5 10. Nf3 Nxb3 11. Bg5 Be7 12. cxb3 h6 13. Rd1 Nd5 14. Bxe7 Qxe7 15. O-O Nxc3 16. bxc3 Bd7 17. Qg4 O-O 18. Nd4 Rfd8 19. Rd3 c5 20. Rg3 g6 21. Nc2 b5 22. Qf4 h5 23. h4 c4 24. bxc4 bxa4 25. Rg5 Kg7 26. Rd1 a3 27. Nxa3 Be8 28. Rd6 Rdb8 29. g4 Rb3 30. Nc2 Rb1+ 31. Kg2 Qb7+ 32. f3 Qb2 33. Rd2 Qc1 34. gxh5 Kg8 35. hxg6 fxg6 36. Kg3 Rb2 37. Rxg6+ Bxg6 38. Rd8+ Rxd8 39. Qxc1 Rxc2 40. Qg5 Rd7 41. h5 Rxc3 42. hxg6 Rdd3 43. Qe7 Rxf3+ 44. Kg4 Rg3+ 45. Kh5 Rh3+ 46. Kg5 Rhg3+ 47. Kf6 Rcf3+ 48. Kxe6 Rxg6+ 49. Kd5 Rf8 50. c5 Rc8 51. Qb7 Rd8+ 52. Ke4 Rg7 53. Qa6 a4 54. c6 Re8 55. Qa5 Ree7 56. Qd5+ Kh7 57. Qd3 Ra7 58. Kd5+ Rg6 59. e6 a3 60. Qh3+ Kg8 61. Qb3 Rgg7 62. Kd6 Kh7 63. Qa2 Kg6 64. Ke5 Ra5+ 65. Kd6 Raa7 66. Ke5 Ra5+ 1/2-1/2